cohdb
Replays
Latest Replays
All Replays
Popular Replays
Top Player Replays
Match Explorer
How It Works
Community
CoH3 Stats
Reddit
Sign in to upload your games and track your stats! →
Sign in with Steam
Match 33810360
Unlisted
Match 33810360
Overview
Messages
Build Orders
End
Construct Barracks
Engineer Squad
Selects Armored Battlegroup
Selects Veteran Crews
1⁄4-ton 4x4 Truck
Construct Weapon Support Center
Riflemen Squad
Mechanized Support Center
M3 Armored Personnel Carrier
Construct Tank Depot
Riflemen Squad
Selects Strength in Steel
M3 Armored Personnel Carrier
Selects Seek and Destroy
Selects UNKNOWN (2160077)
M4A3E8 Sherman Easy Eight
Whiteweedoo
gUi
Zesty
Zi0
Sid
MISRATU
0
0
Comments
sign in to comment!
No comments posted yet!